 Dungeon Crawl Stone Soup version 0.30-a0-743-gbfdf073431 (console) character file.

Game seed: 7290243900285103523

1209 Ignak the Sneak (level 8, -7/48 (51) HPs)
             Began as an Octopode Hedge Wizard on Feb 6, 2023.
             Was a Follower of Sif Muna.
             Mangled by a wight
             ... wielding a +0 great sword
              (9 damage)
             ... on level 5 of the Dungeon.
             The game lasted 00:20:49 (4340 turns).

Ignak the Sneak (Octopode Hedge Wizard)             Turns: 4340, Time: 00:20:50

HP:   -7/48 (51)    AC:  1    Str:  9    XL:     8   Next: 45%
MP:   11/13         EV: 14    Int: 18    God:    Sif Muna [*.....]
Gold: 202           SH:  5    Dex: 12    Spells: 6/14 levels left

rFire   . . .      SeeInvis .    b - +3 great sword (freeze)
rCold   . . .      Faith    .    (shield currently unavailable)
rNeg    . . .      Spirit   .    s - +0 hat
rPois   +          Reflect  +    u - amulet of reflection
rElec   .          Harm     .    p - ring of poison resistance
rCorr   .          Rampage  .    (no ring)
Will    .....                    (no ring)
Stlth   ++++                     (no ring)
HPRegen 0.28/turn                (no ring)
MPRegen 0.13/turn                (no ring)
                                 (no ring)
                                 (no ring)

@: drained
A: almost no armour, amphibious, 8 rings, camouflage 1, gelatinous body 1,
(nimble swimmer 1), tentacles
a: Renounce Religion, Channel Magic


You were on level 5 of the Dungeon.
You worshipped Sif Muna.
Sif Muna was aware of your devotion.
You visited 2 branches of the dungeon, and saw 7 of its levels.
You also visited: Sewer.

You collected 230 gold pieces.
You spent 28 gold pieces at shops.

Inventory:

Hand Weapons
 a - a +2 short sword of venom
 b - a +3 great sword of freezing (weapon)
Missiles
 k - 15 poisoned darts (quivered)
Armour
 s - a +0 hat (worn)
Jewellery
 p - a ring of poison resistance (left tentacle)
 u - an amulet of reflection (around mantle)
Wands
 o - a wand of mindburst (9)
 v - a wand of flame (16)
Scrolls
 e - 2 scrolls of poison {unknown}
 f - a scroll of magic mapping
 g - 2 scrolls of fear
 j - 2 scrolls of teleportation
 l - a scroll of amnesia {unknown}
 m - 3 scrolls of immolation {unknown}
 n - 2 scrolls of blinking {unknown}
 r - 2 scrolls of fog {unknown}
 t - a scroll of enchant armour {unknown}
 w - a scroll of enchant weapon {unknown}
Potions
 c - a potion of magic
 d - 3 potions of curing
 h - 2 potions of attraction {unknown}
 i - a potion of degeneration {unknown}
 q - 2 potions of flight {unknown}
 x - 2 potions of might {unknown}
 z - a potion of heal wounds {unknown}
 A - a potion of mutation {unknown}
 B - a potion of lignification {unknown}


   Skills:
 + Level 2.8 Fighting
 + Level 2.5 Short Blades
 * Level 4.6 Dodging
 + Level 4.7 Stealth
 - Level 1.0 Unarmed Combat
 + Level 3.9 Spellcasting
 - Level 3.0 Conjurations
 - Level 2.0 Summonings
 + Level 2.8 Translocations
 + Level 1.8 Transmutations
 - Level 2.0 Air Magic
 + Level 1.6 Earth Magic
 + Level 2.6 Poison Magic
 + Level 1.2 Invocations


You had 6 spell levels left.
You knew the following spells:

 Your Spells              Type           Power      Damage    Failure   Level
a - Magic Dart            Conj           56%        1d5       4%          1
b - Blink                 Tloc           26%        N/A       7%          2
d - Mephitic Cloud        Conj/Pois/Air  12%        N/A       16%         3
e - Call Imp              Summ           10%        N/A       10%         2

Your spell library contained the following spells:

 Spells                   Type           Power      Damage    Failure   Level
 Cigotuvi's Dreadful Rot  Necr/Pois/Air  18%        N/A       12%         2
 Slow                     Hex            12%        N/A       16%         1
 Confusing Touch          Hex            3%         N/A       41%         3
 Vampiric Draining        Necr           3%         2d6       41%         3
 Petrify                  Tmut/Erth      9%         N/A       58%         4
 Metabolic Englaciation   Hex/Ice        1%         N/A       99%         5
 Statue Form              Tmut/Erth      6%         N/A       100%        6


Dungeon Overview and Level Annotations

Branches:
Dungeon (6/15)             Temple (1/1) D:4           Sewer (visited)

Altars:
Ashenzari
Cheibriados
Gozag
Ru
Sif Muna
Uskayaw
Yredelemnul
Zin

Shops:
D:1 ?   D:5 [


Innate Abilities, Weirdness & Mutations

You cannot wear most types of armour.
You are amphibious.
You can wear up to eight rings at the same time.
Your skin changes colour to match your surroundings (Stealth+).
Your rubbery body absorbs attacks. (AC +1, EV +1)
((You are camouflaged when in or above water. (Stealth+)))
You have tentacles for arms and can constrict up to eight enemies at once.


Message History

Your +3 great sword of freezing glows with a cold blue light!
b - a +3 great sword of freezing (weapon)
Your +3 great sword of freezing stops glowing.
Your +2 short sword of venom begins to drip with poison!
a - a +2 short sword of venom (weapon)
Unknown command.
A wight comes into view. It is wielding a +0 scimitar.
Found a leather armour. 2 wights come into view.
Found 17 gold pieces.
The helpless wight fails to defend itself.
You puncture the wight! Your grab misses the wight.
Your squeeze misses the wight.
The wight is almost destroyed.
You block the wight's attack.
Your +2 short sword of venom stops dripping with poison.
Your +3 great sword of freezing glows with a cold blue light!
b - a +3 great sword of freezing (weapon)
You hit the wight.
You destroy the wight!
Sif Muna accepts your kill.
The wight hits you with a +0 great sword!!
You feel drained.
Your life force feels restored.
Casting: Call Imp (safe; 10% risk of failure)
Confirm with . or Enter, or press ? or * to list all spells.
A beastly little devil appears in a puff of flame.
The wight barely misses you.
You barely miss the wight. You grab the wight. Your squeeze misses the wight.
You constrict the wight, but do no damage.
The wight misses you. You block the wight's attack.
You slash the wight!
The wight is almost destroyed.
You constrict the wight, but do no damage.
The wight hits you from afar with a +0 trident.
You feel drained.
The wight hits you with a +0 great sword!!
* * * LOW HITPOINT WARNING * * *
You feel drained.
You die...

.†..########.....##### *,#####*
'#....# ####..# *,* * .#.##.#
###..###**** *,* *
.#.#*.#*****#<...#.$,,,* *,******
.#.#*,.,,,,,#...##.#**,##*,,,,,**
.#.#**##***,#....#.###...,,***,**
.#.# #.#....#.......,,,,*,*
o#,******##.....##.......,,,,*,*
.#,,,,,........5@zz......,,,,+,*
.####**############..[...,,,,***
...)# **#####***** ###.# # *,#
#**,* ..,,* ###**


You could see 2 wights and a friendly crimson imp (summoned).

Vanquished Creatures
  An orc warrior (D:5)
  An ogre (D:4)
  3 kobold brigands (Sewer)
  2 necrophages
  2 wights (D:5)
  A howler monkey (D:5)
  An orc priest (D:5)
  Crazy Yiuf (D:3)
  4 hounds
  2 iguanas
  Ijyb (D:5)
  2 orc wizards (D:5)
  6 adders
  2 river rats (Sewer)
  A shadow imp (D:5)
  10 orcs
  5 bats
  5 endoplasms
  2 giant cockroaches
  9 goblins
  10 hobgoblins
  2 jackals (D:2)
  19 kobolds
  4 quokkas
  6 ball pythons
  3 frilled lizards
  9 rats
114 creatures vanquished.

Vanquished Creatures (collateral kills)
  An iguana (D:4)
  Robin (D:3)
  2 adders
  An orc (D:3)
  An endoplasm (D:2)
  9 goblins (D:3)
  3 hobgoblins
  A kobold (D:1)
  A quokka (D:3)
20 creatures vanquished.

Grand Total: 134 creatures vanquished

Notes
Turn   | Place    | Note
-------+----------+-------------------------------------------
     0 | D:1      | Ignak the Octopode Hedge Wizard began the quest for the
                  | Orb.
     0 | D:1      | Reached XP level 1. HP: 11/11 MP: 4/4
   113 | D:1      | Reached XP level 2. HP: 16/17 MP: 4/6
   118 | D:1      | Learned a level 2 spell: Blink
   121 | D:1      | Learned a level 2 spell: Call Imp
   225 | D:1      | Found Befoseg's Magic Scroll Emporium.
   239 | D:1      | Bought a scroll of identify for 28 gold pieces
   340 | D:1      | Reached XP level 3. HP: 17/22 MP: 7/7
   874 | D:2      | Reached XP level 4. HP: 27/27 MP: 5/8
  1307 | D:3      | Reached skill level 1 in Fighting
  1335 | D:3      | Learned a level 3 spell: Mephitic Cloud
  1521 | D:3      | Found a runed translucent door.
  1524 | D:3      | Noticed Crazy Yiuf
  1579 | D:3      | Killed Crazy Yiuf
  1580 | D:3      | Reached skill level 1 in Short Blades
  1580 | D:3      | Reached XP level 5. HP: 33/33 MP: 1/9
  1740 | D:3      | Noticed Robin
  1804 | D:3      | Killed Robin
  1805 | D:3      | Reached skill level 1 in Unarmed Combat
  2158 | D:4      | Found a staircase to the Ecumenical Temple.
  2249 | D:4      | Reached skill level 1 in Poison Magic
  2249 | D:4      | Reached XP level 6. HP: 10/38 MP: 6/11
  2490 | D:4      | Identified the +3 ring mail of Wasted Space {Fly rPois}
  2566 | D:4      | Reached skill level 1 in Air Magic
  3043 | Temple   | Entered the Ecumenical Temple
  3127 | Temple   | Became a worshipper of Sif Muna the Loreminder
  3389 | D:5      | Entered Level 5 of the Dungeon
  3394 | D:5      | Reached XP level 7. HP: 44/44 MP: 12/12
  3411 | D:5      | Found Wymuq's Armour Shop.
  3437 | D:5      | Noticed Ijyb
  3450 | D:5      | Killed Ijyb
  3656 | D:5      | Reached skill level 1 in Transmutations
  3687 | D:5      | Reached skill level 1 in Earth Magic
  3695 | D:5      | Found a glowing drain.
  3708 | Sewer    | Entered a sewer
  3823 | Sewer    | Reached XP level 8. HP: 40/51 MP: 10/13
  3964 | Sewer    | Reached * piety under Sif Muna
  4213 | D:5      | Reached skill level 1 in Invocations
  4340 | D:5      | HP: 2/50 [wight/+0 great sword (18)]
  4340 | D:5      | Mangled by a wight

Illustrated notes

Levels and vault maps discovered:
D:1:      dpeg_arrival_tiny_g, layout_rooms, serial_shops, shop
D:2:      layout_rooms
D:3:      layout_basic, uniq_crazy_yiuf_cottage, uniq_robin
D:4:      layout_cave_pools, minmay_temple_entry_nine_rooms
D:5:      layout_basic, gup_sewer_entry_bowl, serial_shops, shop,
          minmay_joined_circles, uniq_ijyb, uniq_duvessa
D:6:      nicolae_BIG_FREAKIN_CUBE, layout_cave_pods,
          mainiacjoe_overflow_tiny_flanked, hex_tiny
Temple:   bh_familiar_temple

Skill      XL: |  1  2  3  4  5  6  7  8 |
---------------+-------------------------+-----
Stealth        | 3 4 |  4.7
Fighting       | 1 2 |  2.8
Short Blades   | 1 2 |  2.5
Unarmed Combat | 1 |  1.0
Dodging        | 3 4 |  4.6
Conjurations   | 2 3 |  3.0
Summonings     | 2 |  2.0
Poison Magic   | 1 2 |  2.6
Translocations | 2 |  2.8
Air Magic      | 1 2 |  2.0
Transmutations | 1 |  1.8
Earth Magic    | 1 |  1.6
Invocations    | 1 |  1.2
Spellcasting   | |  3.9

Action                     |  1- 3 |  4- 6 |  7- 9 || total
---------------------------+-------+-------+-------++-------
  Melee: Dagger            |    50 |    39 |    74 ||   163
         Tentacles         |    18 |    22 |    30 ||    70
         Constrict         |    23 |    22 |    23 ||    68
         Spear             |    31 |    32 |       ||    63
         Punch             |     1 |       |     2 ||     3
         Quarterstaff      |       |    10 |     3 ||    13
         Short sword       |       |       |    14 ||    14
         Great sword       |       |       |     3 ||     3
  Throw: Dart              |       |     8 |       ||     8
   Cast: Magic Dart        |     4 |     1 |       ||     5
         Call Imp          |     5 |    14 |     7 ||    26
         Mephitic Cloud    |       |     6 |     6 ||    12
         Blink             |       |     4 |     2 ||     6
  Evoke: Wand              |       |       |     6 ||     6
    Use: Scroll            |     2 |     2 |     1 ||     5
         Potion            |       |     1 |     2 ||     3
   Stab: Sleeping          |     5 |     4 |     7 ||    16
         Confused          |       |     1 |     3 ||     4
 Armour: Skin              |     9 |     4 |     1 ||    14
  Dodge: Dodged            |    52 |    55 |    52 ||   159
  Block: Other             |       |       |    19 ||    19
         Reflection        |       |       |     3 ||     3

Table legend: (Time is in decaauts)
 A = Elapsed time spent in this place.
 B = Non-inter-level travel time spent in this place.
 C = Inter-level travel time spent in this place.
 D = Time resting spent in this place.
 E = Time spent auto-exploring this place.
 F = Levels seen in this place.
 G = Mean time per level.
                   A        B        C        D        E       F      G
               +--------+--------+--------+--------+--------+-----+--------+
         Total |   4335 |   4204 |    131 |    642 |   1843 |   8 |  541.9 |
       Dungeon |   3727 |   3646 |     81 |    553 |   1639 |   6 |  621.2 |
        Temple |    134 |     84 |     50 |      0 |     62 |   1 |  134.0 |
         Sewer |    473 |    473 |      0 |     89 |    142 |   1 |  473.0 |
               +--------+--------+--------+--------+--------+-----+--------+

Top non-repeatable levels by time:
     D:3: 1193 daAuts
     D:4: 982 daAuts
     D:1: 608 daAuts
     D:2: 537 daAuts
   Sewer: 473 daAuts
     D:5: 393 daAuts
  Temple: 134 daAuts
     D:6: 10 daAuts
